 Dungeon Crawl Stone Soup version 0.28.0 (webtiles) character file.

Game seed: 16649082250823334659

4 SnakkuSnakku7 the Magician (level 1, -1/11 HPs)
             Began as a Deep Elf Transmuter on Feb 8, 2022.
             Slain by a jackal (2 damage)
             ... on level 1 of the Dungeon.
             The game lasted 00:00:18 (64 turns).

SnakkuSnakku7 the Magician (Deep Elf Transmuter)      Turns: 64, Time: 00:00:19

Health: -1/11      AC:  2    Str:  7    XL:     1   Next: 50%
Magic:  6/6        EV: 12    Int: 17    God:
Gold:   0          SH:  0    Dex: 15    Spells: 5/6 levels left

rFire   . . .      SeeInvis .     - Unarmed
rCold   . . .      Faith    .   (no shield)
rNeg    . . .      Spirit   .   a - +0 robe
rPois   .          Reflect  .   (helmet currently unavailable)
rElec   .          Harm     .   (no cloak)
rCorr   .          Rampage  .   (no gloves)
Will    .....                   (boots currently unavailable)
Stlth   +.........              (no amulet)
HPRegen 0.03/turn               (no ring)
MPRegen 0.10/turn               (no ring)

@: appendages (expiring)
A: horns 2, talons 2
a: End Transformation


You were on level 1 of the Dungeon.
You had temporarily grown beastly horns and talons.
You visited 1 branch of the dungeon, and saw 1 of its levels.

Inventory:

Missiles
 b - 2 poisoned darts
Armour
 a - a +0 robe (worn)


   Skills:
 - Level 0.7 Fighting
 - Level 2.4 Dodging
 + Level 2.5 Unarmed Combat
 - Level 3.0 Spellcasting
 + Level 2.4 Transmutations


You had 5 spell levels left.
You knew the following spells:

 Your Spells              Type           Power      Damage    Failure   Level
a - Beastly Appendage     Tmut           20%        N/A       6%          1

Your spell library contained the following spells:

 Spells                   Type           Power      Damage    Failure   Level
 Wereblood                Tmut           10%        N/A       10%         2
 Spider Form              Tmut/Pois      6%         N/A       32%         3
 Ice Form                 Ice/Tmut       6%         N/A       71%         4


Dungeon Overview and Level Annotations

Branches:
Dungeon (1/15)

Altars:


Innate Abilities, Weirdness & Mutations

You have temporarily grown beastly horns and talons.


Message History

The jackal misses you. The jackal closely misses you.
The jackal closely misses you.
Your horns disappear.
Your talons disappear.
The jackal barely misses you. The jackal misses you.
The jackal closely misses you.
You grow a pair of large bovine horns.
Your feet morph into talons.
The jackal bites you.
Unknown command.
You hit the jackal.
The jackal is severely wounded.
The jackal bites you. The jackal barely misses you.
You hit the jackal but do no damage. You claw the jackal, but do no damage.
The jackal is severely wounded.
The jackal bites you but does no damage.
You closely miss the jackal. You claw the jackal, but do no damage.
The jackal is severely wounded.
The jackal barely misses you.
You hit the jackal but do no damage.
The jackal is severely wounded.
The jackal bites you but does no damage.
You closely miss the jackal. You headbutt the jackal.
You kill the jackal!
Your transformation is almost over.
You closely miss the jackal. The jackal bites you.
* * * LOW HITPOINT WARNING * * *
You closely miss the jackal. The jackal bites you.
* * * LOW HITPOINT WARNING * * *
The jackal misses you.
You closely miss the jackal. The jackal closely misses you.
You closely miss the jackal. The jackal closely misses you.
The jackal bites you but does no damage.
You hit the jackal.
The jackal is heavily wounded.
The jackal closely misses you.
You hit the jackal but do no damage.
The jackal is heavily wounded.
The jackal bites you.
You die...

......... ... ........
...####....... ..
#............ ... #...........
#.. .... #......... .#....
....##.......###.#.......
.............h@.......... .
#...........###.......# ..
####.....................###..
...######.........#...........
.............†....#.≈≈≈≈≈≈≈...
..................#.≈.....≈...
...........#†..#..........≈...
...............#.≈≈≈≈≈≈≈..≈..#
....##.........#.≈....<≈..≈..#


You could see a jackal.

Vanquished Creatures
  An endoplasm (D:1)
  A jackal (D:1)
  A ball python (D:1)
  A rat (D:1)
4 creatures vanquished.

Notes
Turn   | Place    | Note
-------+----------+-------------------------------------------
     0 | D:1      | SnakkuSnakku7 the Deep Elf Transmuter began the quest for
                  | the Orb.
     0 | D:1      | Reached XP level 1. HP: 11/11 MP: 6/6
    64 | D:1      | Slain by a jackal

Illustrated notes

Levels and vault maps discovered:
D:1:      ebering_hopf_link, layout_basic,
          hellmonk_ecumenical_altar_leap_of_faith, interstate_on_off

Action                   || total
-------------------------++-------
Melee: Unarmed           ||    16
       Kick              ||     4
       Headbutt          ||     2
 Cast: Beastly Appendage ||     3
Armor: Robe              ||     4
Dodge: Dodged            ||    15
